AoeStats
← Joaking

Hill Fort

503945007Analyzed
4v4 RM · 28d ago on Sep 3, 2026· 56m 14s· 8 players
Game mode
Random Map
Map size
Large (8 player)
Population
200
Speed
Normal
Resources
Standard
Victory
Conquest
Starting age
Dark Age
Ending age
Imperial Age
RankedLock teamsTeams togetherTeam positionsShared explorationLock speedFull tech treeHidden civsTurbo modeCheats
Victory
Defeat
🇳🇿 Maya · New Zealand
1055
+12
🇺🇸 Cumans · United States
1050
+12
🇨🇱 Franks · Chile
1050
+12
🇺🇸 Burgundians · United States
1011
+14
🇺🇸 Koreans · United States
1057
-16
🇺🇸 Malians · United States
1021
-36
🇺🇸 Romans · United States
907
-10
🇺🇸 Celts · United States
902
-10
quiet_squirrel22
9:13 Loom
11:21 Feudal Age
10:21 Horse Collar
11:21 Double-Bit Axe
15:18 Bow Saw
16:12 Heavy Plow
19:22 Castle Age
18:17 Gold Mining
19:14 Wheelbarrow
19:28 Scale Barding Armor
19:34 Forging
19:25 Cavalier
20:07 Husbandry
20:09 Town Watch
21:38 Hand Cart
24:51 Town Patrol
26:00 Fletching
33:59 Bodkin Arrow
34:26 Chain Barding Armor
38:16 Imperial Age
37:20 Burgundian Vineyards
42:35 Imperial Age
42:18 Iron Casting
44:07 Two-Man Saw
42:49 Paladin
45:05 Plate Barding Armor
52:24 Conscription
53:24 Blast Furnace
52:33 Caravan
53:53 Flemish Revolution
54:51 Scale Mail Armor
Jared G
10:24 Loom
12:37 Feudal Age
18:28 Castle Age
17:33 Wheelbarrow
16:52 Double-Bit Axe
16:49 Horse Collar
18:25 Fletching
21:38 Forging
21:34 Heavy Plow
23:28 Bow Saw
24:08 Town Watch
28:14 Iron Casting
34:10 Imperial Age
33:43 Hand Cart
34:20 Scale Barding Armor
34:11 Bodkin Arrow
33:50 Light Cavalry
34:40 Bloodlines
34:35 Steppe Husbandry
34:51 Town Patrol
35:26 Conscription
34:41 Hussar
37:44 Two-Man Saw
37:18 Crop Rotation
37:52 Blast Furnace
39:03 Chain Barding Armor
41:45 Plate Barding Armor
49:49 Gold Mining
49:49 Stone Mining
51:18 Hoardings
50:49 Padded Archer Armor
51:19 Elite Kipchak
52:17 Leather Archer Armor
53:02 Gold Shaft Mining
52:51 Thumb Ring
53:12 Parthian Tactics
52:08 Heavy Cavalry Archer
56:34 Ring Archer Armor
Joaking
10:37 Feudal Age
10:46 Loom
18:11 Castle Age
16:45 Double-Bit Axe
19:57 Scale Barding Armor
21:12 Husbandry
38:06 Imperial Age
36:34 Chain Barding Armor
36:26 Forging
38:09 Cavalier
39:54 Plate Barding Armor
40:49 Iron Casting
40:14 Paladin
45:07 Wheelbarrow
44:18 Town Watch
48:37 Conscription
50:03 Caravan
52:36 Coinage
54:18 Banking
SensationalSquid
13:12 Feudal Age
14:17 Town Watch
14:26 Double-Bit Axe
15:38 Fletching
22:00 Castle Age
22:16 Crossbowman
23:17 Bodkin Arrow
25:13 Eagle Warrior
26:53 Forging
27:12 Scale Mail Armor
27:42 Elite Skirmisher
29:46 Loom
31:59 Iron Casting
37:50 Imperial Age
36:55 Wheelbarrow
35:58 Elite Skirmisher
37:18 Arson
37:34 Squires
39:57 Conscription
39:55 Elite Plumed Archer
41:16 Horse Collar
42:42 Onager
44:03 Bracer
46:42 Chain Mail Armor
48:29 Blast Furnace
49:14 Capped Ram
50:29 Siege Ram
52:11 Plate Mail Armor
54:55 Padded Archer Armor
56:22 Chemistry
55:44 Ballistics
55:35 Fortified Wall
55:36 Masonry
Strygwyr44
11:09 Feudal Age
15:16 Castle Age
15:23 Double-Bit Axe
15:24 Horse Collar
15:42 Gold Mining
16:40 Loom
23:41 Scale Mail Armor
24:01 Forging
26:11 Iron Casting
25:57 Chain Mail Armor
26:17 Arson
29:36 Squires
35:49 Ballistics
42:00 Imperial Age
43:21 Elite Gbeto
Nite_Hawk88
11:35 Feudal Age
16:32 Castle Age
19:22 Double-Bit Axe
19:30 Horse Collar
23:22 Heavy Plow
25:01 Pikeman
28:57 Gambesons
29:52 Gold Mining
34:40 Imperial Age
32:00 Loom
32:56 Wheelbarrow
32:11 Town Watch
32:51 Bow Saw
33:33 Scale Mail Armor
36:03 Hand Cart
38:31 Onager
39:39 Furor Celtica
40:03 Guilds
41:12 Heavy Scorpion
42:06 Capped Ram
43:47 Hoardings
45:58 Forging
46:04 Chain Mail Armor
45:40 Halberdier
DrinkFromMe6969
8:07 Loom
10:30 Feudal Age
11:49 Double-Bit Axe
13:30 Horse Collar
17:11 Fletching
23:17 Castle Age
23:25 Crossbowman
24:13 Bodkin Arrow
27:04 Bow Saw
27:53 Heavy Plow
31:50 Thumb Ring
42:23 Wheelbarrow
45:22 Imperial Age
46:39 Pikeman
47:04 Gambesons
47:20 Squires
47:05 Arson
47:27 Halberdier
51:09 Bracer
51:05 Elite Skirmisher
Jockoh42
11:54 Feudal Age
13:15 Double-Bit Axe
13:15 Horse Collar
17:51 Castle Age
20:17 Bow Saw
20:24 Loom
22:53 Man-at-Arms
28:43 Wheelbarrow
28:07 Pikeman
30:15 Ballistas
30:39 Squires
30:12 Long Swordsman
31:02 Scale Mail Armor
37:15 Imperial Age
36:27 Scale Barding Armor
36:34 Forging
36:40 Chain Mail Armor
37:32 Halberdier
40:36 Conscription
42:04 Hand Cart
43:44 Heavy Scorpion
45:46 Gold Mining
47:51 Iron Casting
49:58 Blast Furnace
49:19 Chain Barding Armor
Connection lost

Rejoining the realm…

Still unreachable

The connection could not be restored.

Session expired

The server has moved on; the page needs a fresh start.